Map: Dead of Night

Players

axu

  • Race: Zerg Zerg
  • League: Platinum
  • Spawn Location: 0:00

Odmieniec

  • Race: Terran Terran
  • Spawn Location: 0:00

VOD

Have the link to the VOD?

Description

Time

  • Played on: Jan. 12, 2018, 3:26 p.m.
  • Length: 26:42
Show
View Real Time Build Order
Export as new Build Order

axu Zerg 

Build Orders:  

Get SALT Encoding   

  12  0:08  Drone  
  13  0:19  Drone  
  14  1:07  Spawning Pool  
  13  1:13  Drone  
  14  1:24  Extractor  
  14  1:26  Drone  
  14  1:28  Overlord  
  14  1:54  Drone x3  
  17  2:16  Spine Crawler  
  16  2:21  Drone  
  16  2:23  Zergling x2  
  18  2:32  Spine Crawler  
  18  2:33  Drone  
  18  2:55  Queen  
  18  2:57  Drone  
  21  3:06  Zergling x2  
  22  3:47  Overlord x2  
  22  4:12  Queen  
  24  4:27  Drone  
  25  4:44  Drone  
  25  4:45  Drone x2  
  28  4:52  Hatchery, Drone  
  28  5:32  Drone x2  
  30  5:41  Lair  
  30  5:44  Extractor  
  30  5:46  Drone  
  30  5:47  Extractor  
  29  6:05  Drone x2  
  29  6:06  Drone  
  32  6:15  Drone  
  33  6:47  Drone x4  
  33  6:48  Drone  
  38  6:56  Hydralisk Den  
  44  7:10  Metabolic Boost  
  37  7:27  Drone x5  
  42  7:48  Hydralisk  
  43  8:00  Muscular Augments  
  43  8:06  Overlord x3  
  43  8:07  Overlord  
  43  8:41  Evolution Chamber  
  43  8:49  Drone  
  54  8:50  Evolution Chamber, Drone x5  
  47  9:23  Hydralisk x2  
  47  9:24  Hydralisk x3  
  57  10:06  Zergling x2  
  57  10:07  Zergling x8  
  62  10:11  Zerg Missile Weapons Level 1  
  62  10:16  Zerg Ground Armor Level 1  
  62  10:34  Hydralisk  
  62  10:35  Hydralisk x3  
  70  11:15  Hydralisk x3  
  70  11:18  Overlord x2  
  76  11:36  Evolution Chamber  
  75  12:07  Hydralisk x4  
  75  12:08  Hydralisk x3  
  89  12:19  Hive  
  89  12:33  Pneumatized Carapace  
  89  12:44  Heroic Fortitude  
  89  13:27  Hatchery  
  89  13:28  Zergling x8  
  92  13:32  Overlord x5  
  92  14:05  Spine Crawler  
  92  14:07  Spine Crawler  
  92  14:08  Spine Crawler  
  89  14:30  Hydralisk  
  89  14:31  Hydralisk x5  
  89  14:32  Hydralisk x3  
  89  14:33  Hydralisk  
  109  14:43  Zerg Missile Weapons Level 2  
  109  14:44  Ultralisk Cavern  
  109  14:46  Zerg Melee Weapons Level 1  
  107  14:59  Zerg Ground Armor Level 2  
  106  15:43  Zergling x10  
  106  15:44  Zergling x10  
  106  15:45  Zergling x8  
  106  15:46  Overlord  
  117  16:11  Hydralisk  
  117  16:12  Ultralisk  
  117  16:16  Overlord x3  
  121  16:34  Overlord x4  
  121  16:36  Ultralisk  
  121  16:38  Zergling x2  
  124  17:27  Ultralisk x2  
  135  17:34  Hydralisk  
  132  19:27  Hydralisk x4  
  132  19:28  Hydralisk x2, Zergling x4  
  132  19:29  Zergling x12  
  148  19:30  Ultralisk  
  148  19:32  Overlord x3  
  151  20:11  Ultralisk x2  
  151  20:12  Zergling x8  
  165  21:26  Hydralisk x2  
  165  21:27  Hydralisk x5  
  165  21:28  Hydralisk x2  
  179  22:30  Hydralisk x4  
  179  22:31  Hydralisk x2  
Show
View Real Time Build Order
Export as new Build Order

Odmieniec Terran 

Build Orders:  

Get SALT Encoding   

  12  0:15  SCV  
  13  0:32  SCV  
  13  0:34  Refinery  
  14  0:57  Refinery  
  14  0:58  SCV  
  15  1:14  Supply Depot  
  15  1:44  SCV  
  16  2:00  Supply Depot  
  16  2:01  SCV  
  17  2:17  SCV  
  18  2:34  SCV  
  19  2:42  Barracks  
  19  2:51  SCV  
  19  2:54  Engineering Bay  
  20  3:08  SCV  
  21  3:25  SCV  
  21  3:28  Marine  
  23  3:40  Marine  
  23  3:42  SCV  
  23  3:45  Terran Infantry Weapons Level 1  
  25  3:53  Marine  
  25  3:59  SCV  
  27  4:05  Marine  
  28  4:11  Refinery  
  28  4:16  SCV  
  28  4:18  Marine  
  30  4:40  Marine  
  31  5:01  Bunker  
  31  5:36  Bunker  
  31  6:20  Missile Turret  
  31  6:25  Terran Infantry Armor Level 1  
  31  6:51  Factory  
  31  7:29  Bunker  
  31  7:58  Supply Depot  
  31  8:02  Factory Tech Lab  
  31  8:12  Starport  
  31  8:15  Neosteel Frame  
  31  8:27  Marine  
  32  8:33  Replenishable Magazine  
  32  8:37  Siege Tank  
  35  8:40  Marine  
  36  8:52  Marine  
  37  9:05  Marine  
  38  9:15  Starport Tech Lab  
  38  9:17  Marine  
  39  9:49  Supply Depot  
  39  10:05  Building Armor  
  39  10:19  Siege Tank  
  63  10:20  Viking  
  39  10:26  Orbital Command  
  44  10:40  Viking  
  46  11:37  Barracks Tech Lab  
  46  11:52  Supply Depot  
  46  12:21  Siege Tank  
  46  12:22  Viking  
  51  12:43  Viking  
  53  13:03  Viking  
  55  13:30  Supply Depot  
  55  13:59  Siege Tank  
  55  14:00  SCV, Viking  
  61  14:17  SCV  
  62  14:34  SCV  
  62  14:36  Armory  
  63  15:04  Supply Depot  
  63  15:34  Marine, Siege Tank, Viking  
  69  15:46  Marine  
  70  15:59  Marine  
  71  16:28  Terran Vehicle and Ship Weapons Level 1, Supply Depot  
  71  16:35  Terran Infantry Armor Level 2  
  71  16:58  Marine, Siege Tank, Viking  
  77  17:08  Supply Depot  
  77  17:10  Marine  
  77  17:14  Supply Depot  
  78  17:37  Siege Tank  
  78  17:38  Viking  
  83  17:51  Supply Depot  
  83  17:57  Supply Depot  
  83  17:59  Viking  
  85  18:20  Viking  
  87  18:38  Siege Tank x7  
  87  18:41  Viking  
  89  19:02  Viking  
  89  19:08  Terran Vehicle And Ship Armor Level 1  
  91  19:22  Viking  
  93  19:43  Viking  
  93  19:45  Terran Infantry Weapons Level 2  
  87  20:04  Viking  
  79  20:25  Viking  
  81  20:46  Viking  
  81  23:06  Banshee  
  84  23:36  Banshee  
  87  23:57  Cloaking Field  
  87  24:06  Banshee  
  90  24:36  Banshee  
  93  25:06  Banshee  
  94  25:36  Banshee  
Tags
 
Add a new tag
Caveats
  • Supply blocks, unpowered buildings, or Contaminate may cause inaccurate times.
  • Supply counts are checked every 10 seconds.